Construct Weapon Support Center
Selects Artillery Observers
Construct Medical Station
Improved M9 Bazooka Rockets
M3 Armored Personnel Carrier
M1918 Browning Automatic Rifles
Selects M2A1 105mm Howitzer Emplacement
Selects Convert to Ranger Squad
Selects 155mm Rapid Artillery Barrage
155mm Rapid Artillery Barrage
Selects Frontline Medical Station
155mm Rapid Artillery Barrage
155mm Rapid Artillery Barrage
Selects Advanced Infantry Battlegroup
Selects Advanced Infantry Battlegroup